AoeStats
← Mr. Penis

Nomad

503574937Analyzed
4v4 RM · 1mo ago on Sep 1, 2026· 40m 2s· 8 players
Game mode
Random Map
Map size
231×231
Population
200
Speed
Normal
Resources
Standard
Victory
Conquest
Starting age
Dark Age
Ending age
Imperial Age
RankedLock teamsTeams togetherTeam positionsShared explorationLock speedFull tech treeHidden civsTurbo modeCheats
Victory
Defeat
🇹🇼 Spanish · Taiwan
1323
+12
🇮🇳 Malians · India
1321
+12
🇨🇳 Khmer · China
1182
+18
🇨🇳 Vietnamese · China
1182
+18
🇷🇺 Jurchens · Russia
1255
-16
🇫🇷 Koreans · France
1241
-15
🇹🇼 Aztecs · Taiwan
1228
-15
🇪🇸 Gurjaras · Spain
1183
-13
Oppy96
3:15 Loom
14:44 Feudal Age
18:28 Castle Age
16:20 Double-Bit Axe
18:52 Horse Collar
24:48 Bloodlines
27:38 Scale Barding Armor
28:49 Wheelbarrow
28:59 Husbandry
30:10 Chain Barding Armor
31:40 Forging
32:09 Hand Cart
31:39 Town Watch
33:58 Iron Casting
41:25 Imperial Age
38:29 Light Cavalry
40:16 Scale Mail Armor
wun ren
3:35 Loom
15:51 Feudal Age
19:56 Castle Age
18:27 Double-Bit Axe
20:58 Bow Saw
22:25 Scale Mail Armor
22:36 Forging
24:29 Horse Collar
26:26 Squires
27:14 Chain Mail Armor
26:31 Eagle Warrior
29:07 Iron Casting
29:01 Heavy Plow
33:32 Gold Mining
36:47 Imperial Age
38:11 Garland Wars
38:24 Plate Mail Armor
37:43 Elite Eagle Warrior
40:07 Blast Furnace
40:10 Gold Shaft Mining
40:02 Gambesons
Mr. Penis
15:27 Feudal Age
13:43 Loom
17:02 Double-Bit Axe
19:31 Castle Age
17:22 Loom
17:19 Horse Collar
20:40 Bow Saw
23:04 Wheelbarrow
34:13 Fishing Lines
38:03 Gillnets
40:08 Gold Mining
40:12 Stone Mining
Drakhaon
5:47 Loom
12:55 Feudal Age
13:43 Fishing Lines
13:50 Double-Bit Axe
15:33 Wheelbarrow
15:04 Gold Mining
18:20 Fletching
19:23 Town Watch
19:20 Horse Collar
26:59 Castle Age
27:54 Bow Saw
27:45 Heavy Plow
27:41 Bodkin Arrow
28:00 Medium Warships
30:09 Ballistics
30:35 Gillnets
31:38 Murder Holes
31:54 Masonry
37:20 Imperial Age
39:01 Chemistry
38:04 Bracer
38:05 Eupseong
39:41 Conscription
XxBuzzXx
4:24 Loom
13:19 Feudal Age
16:55 Castle Age
15:38 Double-Bit Axe
18:13 Bow Saw
18:40 Horse Collar
23:42 Wheelbarrow
22:57 Town Watch
25:00 Gold Mining
25:03 Stone Mining
30:37 Imperial Age
29:15 Forging
29:06 Scale Mail Armor
29:05 Man-at-Arms
29:47 Squires
29:33 Arson
30:42 Iron Casting
29:52 Long Swordsman
31:00 Chain Mail Armor
31:52 Conscription
31:12 Two-Handed Swordsman
32:18 Champion
34:44 Plate Mail Armor
34:05 Fletching
37:20 Bodkin Arrow
39:32 Masonry
39:43 Ballistics
托尼
5:40 Loom
13:34 Feudal Age
18:29 Castle Age
16:17 Double-Bit Axe
16:37 Stone Mining
17:24 Gold Mining
20:11 Bow Saw
20:48 Fletching
27:16 Horse Collar
31:31 Wheelbarrow
35:41 Hand Cart
39:47 Imperial Age
38:20 Stone Shaft Mining
37:58 Bloodlines
37:49 Husbandry
37:52 Padded Archer Armor
38:49 Ballistics
38:48 Leather Archer Armor
39:12 Light Cavalry
40:04 Forging
39:59 Scale Barding Armor
等雨停
16:51 Feudal Age
21:12 Castle Age
19:19 Horse Collar
19:49 Fletching
21:01 Double-Bit Axe
22:14 Loom
22:38 Gold Mining
22:45 Crossbowman
24:11 Bodkin Arrow
26:47 Heavy Plow
30:35 Bow Saw
31:08 Wheelbarrow
31:37 Padded Archer Armor
32:53 Hand Cart
40:22 Imperial Age
38:19 Thumb Ring
38:48 Leather Archer Armor
38:35 Town Watch
38:41 Town Watch
39:44 Ballistics
39:05 Treadmill Crane
惊鸿
5:40 Loom
13:35 Feudal Age
14:09 Double-Bit Axe
14:05 Horse Collar
21:29 Castle Age
23:12 Bow Saw
26:13 Heavy Plow
27:30 Wheelbarrow
26:57 Gold Mining
27:01 Stone Mining
29:13 Gold Shaft Mining
29:14 Stone Shaft Mining
30:32 Hand Cart
35:24 Imperial Age
33:07 Forging
33:03 Scale Barding Armor
33:10 Bloodlines
33:00 Husbandry
33:32 Tusk Swords
36:36 Conscription
36:52 Iron Casting
36:38 Chain Barding Armor
36:16 Fletching
37:17 Light Cavalry
39:29 Blast Furnace
39:36 Bodkin Arrow
40:18 Plate Barding Armor
39:18 Hussar
40:29 Fortified Wall
40:30 Masonry
Connection lost

Rejoining the realm…

Still unreachable

The connection could not be restored.

Session expired

The server has moved on; the page needs a fresh start.